 Dungeon Crawl Stone Soup version 0.30-a0-845-g7c6808c8ce (webtiles) character file.

Game seed: 11980305345175740843

19046 Farfigtubin the Unseen (level 13, -17/66 HPs)
             Began as a Kobold Brigand on Feb 28, 2023.
             Was a High Priest of Wu Jian.
             Demolished by an orc knight
             ... wielding a +2 great mace of holy wrath
              (20 damage)
             ... on level 2 of the Orcish Mines on Mar 3, 2023.
             The game lasted 03:22:17 (18051 turns).

Farfigtubin the Unseen (Kobold Brigand)            Turns: 18051, Time: 03:22:17

Health: -17/66     AC: 11    Str:  9    XL:     13   Next: 1%
Magic:  3/13       EV: 30    Int: 16    God:    Wu Jian [*****.]
Gold:   1247       SH:  5    Dex: 23    Spells: 6/12 levels left

rFire   . . .      SeeInvis .    i - +1 dagger (venom)
rCold   . . .      Faith    .    (no shield)
rNeg    . . .      Spirit   .    b - +0 robe
rPois   +          Reflect  +    P - +2 hat {Will+}
rElec   .          Rampage  .    c - +0 cloak
rCorr   .                        U - +4 pair of gloves of the Bruised Priests {rPois Int+4 Dex+2}
Will    +....                    W - +0 pair of boots Stlth **++++++++
                                 m - amulet of reflection
HPRegen 0.31/turn                Y - +5 ring of evasion
MPRegen 0.13/turn                K - ring of Shadows {Umbra +Inv Stlth+}

@: wreathed by umbra, studying Axes
A: small, no large weapons, nightstalker 3
a: Renounce Religion, Evoke Invisibility, Wall Jump, Serpent's Lash, Heavenly
Storm


You were on level 2 of the Orcish Mines.
You worshipped Wu Jian.
Wu Jian was extremely pleased with you.
You visited 3 branches of the dungeon, and saw 15 of its levels.
You also visited: Sewer.

You collected 1577 gold pieces.
You spent 330 gold pieces at shops.

Inventory:

Hand Weapons
 a - a +2 dagger
 i - a +1 dagger of venom (weapon)
 T - a +0 dagger of freezing
Missiles
 d - 38 poisoned darts (quivered)
 e - 3 curare-tipped darts
 j - 93 stones
 A - 21 boomerangs
Armour
 b - a +0 robe (worn)
 c - a +0 cloak (worn)
 P - a +2 hat of willpower (worn)
 U - the +4 pair of gloves of the Bruised Priests (worn) {rPois Int+4 Dex+2}
   (You found it on level 9 of the Dungeon)

   Int:       It affects your intelligence (+4).
   Dex:       It affects your dexterity (+2).
   rPois:     It protects you from poison.
 W - a +0 pair of boots (worn)
Jewellery
 m - an amulet of reflection (around neck)
 t - a +4 ring of protection
 u - a +6 ring of strength
 B - a ring of see invisible
 K - the ring of Shadows (right hand) {Umbra +Inv Stlth+}
   (You found it on level 10 of the Dungeon)

   [ring of stealth]

   Umbra:     It surrounds you with an aura of shadow, increasing your stealth
   and reducing the accuracy of all others within it.
   +Inv:      It lets you turn invisible.
   Stlth:     It makes you more stealthy.
 N - a ring of fire
 X - an amulet of magic regeneration
 Y - a +5 ring of evasion (left hand)
Wands
 p - a wand of flame (26)
 D - a wand of mindburst (10)
 O - a wand of polymorph (11)
 S - a wand of digging (3)
 V - a wand of roots (6)
Scrolls
 h - 4 scrolls of enchant weapon {unknown}
 l - 3 scrolls of teleportation
 o - 2 scrolls of noise {unknown}
 r - 3 scrolls of vulnerability {unknown}
 w - 2 scrolls of enchant armour {unknown}
 x - 8 scrolls of fear
 y - 2 scrolls of immolation {unknown}
 G - 2 scrolls of torment {unknown}
 H - 2 scrolls of amnesia {unknown}
 I - 3 scrolls of blinking {unknown}
 J - a scroll of summoning {unknown}
 L - 2 scrolls of poison {unknown}
 M - a scroll of fog {unknown}
 Q - 2 scrolls of magic mapping {unknown}
 R - a scroll of brand weapon {unknown}
Potions
 f - 4 potions of lignification
 g - 3 potions of cancellation
 k - 2 potions of mutation
 n - 2 potions of might
 s - 5 potions of attraction
 v - 5 potions of flight
 C - a potion of brilliance {unknown}
 E - 3 potions of magic {unknown}
 F - 4 potions of curing


   Skills:
 - Level 2.1 Fighting
 - Level 10.0 Short Blades
 - Level 7.1 Throwing
 + Level 12.1 Dodging
 + Level 15.1 Stealth
 + Level 10.3 Translocations
 * Level 5.7 Evocations


You had 6 spell levels left.
You knew the following spells:

 Your Spells              Type           Power      Damage    Failure   Level
a - Teleport Other        Tloc           33%        N/A       1%          3
b - Gell's Gravitas       Tloc           33%        N/A       1%          3

Your spell library contained the following spells:

 Spells                   Type           Power      Damage    Failure   Level
 Lesser Beckoning         Tloc           66%        N/A       1%          2
 Passage of Golubria      Tloc           33%        N/A       3%          4
 Portal Projectile        Hex/Tloc       32%        N/A       9%          3
 Kindle Blastsparks       Fire/Tloc/Air  22%        2d11      19%         3
 Sandblast                Erth           0%         2d4       26%         1
 Passwall                 Tmut/Erth      0%         N/A       36%         2
 Static Discharge         Conj/Air       0%         2-2/arc   36%         2
 Ignite Poison            Fire/Tmut/Pois 0%         N/A       58%         3
 Stone Arrow              Conj/Erth      0%         3d7       58%         3
 Tukima's Dance           Hex            0%         N/A       58%         3
 Animate Dead             Necr           0%         N/A       94%         4
 Sticky Flame             Conj/Fire      0%         2d3       94%         4
 Blade Hands              Tmut           0%         N/A       100%        5
 Freezing Cloud           Conj/Ice/Air   0%         6-21      100%        5
 Silence                  Hex/Air        0%         N/A       100%        5
 Yara's Violent Unravell  Hex/Tmut       0%         3d3       100%        5
 Haunt                    Necr/Summ      0%         N/A       100%        7
 Ignition                 Fire           0%         3d3       100%        8
 Infestation              Necr           0%         N/A       100%        8
 Lehudib's Crystal Spear  Conj/Erth      0%         10d2      100%        8


Dungeon Overview and Level Annotations

Branches:
Dungeon (12/15)            Temple (1/1) D:4            Lair (0/5) D:11
    Orc (2/2) D:11            Elf (0/3) Orc:2         Sewer (visited)

Altars:
Ashenzari
Cheibriados
Fedhas
Gozag
Hepliaklqana
Kikubaaqudgha
Makhleb
Nemelex Xobeh
Okawaru
Qazlal
Ru
Sif Muna
Vehumet
Wu Jian
Xom
Yredelemnul
Zin
The Shining One

Shops:
Orc:2 :=[=

Annotations:
D:3 2 runed translucent doors
D:5 2 transporters, DrKenneth's ghost, novice MiFi
D:10 Amaemon
D:11 exclusion: 2 oklob plants


Innate Abilities, Weirdness & Mutations

You are small and have problems with some larger weapons.
You are completely attuned to the shadows.


Message History

a +0 plate armour; a +0 battleaxe You start resting.
An orc knight is nearby!
There is a stone staircase leading up, spattered with blood here.
You barely miss the orc knight.
The orc knight shouts!
The orc knight is lightly wounded.
Casting: Teleport Other (safe; 1% risk of failure)
Confirm with . or Enter, or press ? or * to list all spells.
Aiming: Teleport Other (safe; 1% risk of failure)
Press: ? - help, Shift-Dir - straight line, f/p - orc knight
Aim: an orc knight, wielding a +2 great mace of holy wrath and wearing a +0 chain mail (lightly wounded, very poisoned, umbra, chance to affect: 53%)
The orc knight resists with significant effort.
The orc knight misses you.
You barely miss the orc knight.
The orc knight is lightly wounded.
The orc knight completely misses you.
You closely miss the orc knight. Your punch misses the orc knight.
The orc knight is lightly wounded.
Casting: Teleport Other (safe; 1% risk of failure)
Confirm with . or Enter, or press ? or * to list all spells.
Aiming: Teleport Other (safe; 1% risk of failure)
Press: ? - help, Shift-Dir - straight line, f/p - orc knight
Aim: an orc knight, wielding a +2 great mace of holy wrath and wearing a +0 chain mail (lightly wounded, very poisoned, umbra, chance to affect: 53%)
The orc knight resists with significant effort.
The orc knight completely misses you.
You hit the orc knight but do no damage.
The orc knight is moderately wounded.
The orc knight hits you with a +2 great mace of holy wrath!!
* * * LOW HITPOINT WARNING * * *
You barely miss the orc knight.
The orc knight is moderately wounded.
Casting: Teleport Other (safe; 1% risk of failure)
Confirm with . or Enter, or press ? or * to list all spells.
Aiming: Teleport Other (safe; 1% risk of failure)
Press: ? - help, Shift-Dir - straight line, f/p - orc knight
Aim: an orc knight, wielding a +2 great mace of holy wrath and wearing a +0 chain mail (moderately wounded, poisoned, umbra, chance to affect: 53%)
The orc knight looks slightly unstable.
The orc knight hits you with a +2 great mace of holy wrath!!
You die...

...[.....###.#.....#........##≈≈#
[[.#...###.........##[.....##≈§≈§
..##...#.##......####..[..)##≈§≈≈
[.##...).)[.....######.......§.§≈
.####....#.[[).....##...)........
## ##.)####........#........)....
# #...# ##...[....(....#.####.. #
##.## ####.o........### . # ###
#...@........# # ##......<..### #
##......### ##.....# ######. ##
#### ##################### ##..#
.........)..........# ###...##
......)..)..........# #......#


You could see an orc knight (poisoned, teleporting).

Vanquished Creatures
  Gastronok (D:8)
  2 two-headed ogres
  A boulder beetle (D:11)
  7 orc knights (Orc:2)
  Pikel (D:6)
  An orc sorcerer (D:11)
  2 cyclopes (D:11)
  A gargoyle (D:11)
  An unseen horror (D:11)
  4 trolls
  Prince Ribbit (D:5)
  Sigmund (D:2)
  A wyvern (D:9)
  8 yaks
  7 vampire mosquitoes
  7 wargs
  2 acid dragons
  2 black bears
  34 orc warriors
  An ice beast (D:8)
  2 centaurs (D:6)
  4 ogres
  2 phantoms
  Blork the orc (D:6)
  A kobold brigand (D:9)
  5 bullfrogs
  5 scorpions
  A necrophage (D:5)
  9 killer bees
  5 howler monkeys
  A crimson imp (D:8)
  6 hounds
  A jelly (D:6)
  5 orc priests
  3 iguanas
  12 orc wizards
  17 adders
  5 river rats (Sewer)
  A white imp (D:6)
  An ufetubus (D:5)
  3 worms (D:2)
  A dart slug (D:3)
  94 orcs
  11 ball pythons
  16 bats
  9 endoplasms
  9 giant cockroaches
  7 goblins
  5 hobgoblins
  14 jackals
  2 quokkas
  5 frilled lizards
  11 kobolds
  9 rats
368 creatures vanquished.

Vanquished Creatures (others)
  6 plants (D:11)
6 creatures vanquished.

Grand Total: 374 creatures vanquished

Notes
Turn   | Place    | Note
-------+----------+-------------------------------------------
     0 | D:1      | Farfigtubin the Kobold Brigand began the quest for the Orb.
     0 | D:1      | Reached XP level 1. HP: 12/12 MP: 1/1
   117 | D:2      | Noticed Sigmund
   140 | D:2      | Reached XP level 2. HP: 17/17 MP: 2/2
   312 | D:3      | Found a faded altar of an unknown god.
   422 | D:2      | Reached XP level 3. HP: 21/21 MP: 3/3
   457 | D:2      | Killed Sigmund
   458 | D:2      | Reached skill level 5 in Short Blades
   458 | D:2      | Reached skill level 6 in Stealth
   458 | D:2      | Reached XP level 4. HP: 26/26 MP: 4/4
   458 | D:2      | Reached XP level 5. HP: 30/30 MP: 5/5
   573 | D:2      | Reached XP level 6. HP: 31/35 MP: 6/6
   644 | D:3      | Found a large runed translucent door.
   645 | D:3      | Found a large runed translucent door.
   684 | D:3      | You fall into a shaft and drop 2 floors!
   684 | D:5      | Entered Level 5 of the Dungeon
   807 | D:6      | Found a glowing silver altar of Zin.
   982 | D:6      | Reached skill level 7 in Stealth
  1017 | D:6      | Noticed a black bear
  1027 | D:6      | Killed a black bear
  1028 | D:6      | Reached XP level 7. HP: 40/40 MP: 7/7
  1035 | D:6      | Found a sparkling altar of Nemelex Xobeh.
  1093 | D:6      | Found a glowing drain.
  1125 | Sewer    | Entered a sewer
  1955 | D:5      | Reached XP level 8. HP: 44/44 MP: 8/8
  2320 | D:4      | Reached skill level 5 in Dodging
  2320 | D:4      | Reached skill level 8 in Stealth
  2464 | D:3      | Upgraded the game from 0.30-a0-830-gfe289a77b0 to
                  | 0.30-a0-840-ga523dec638
  2710 | D:4      | Found a staircase to the Ecumenical Temple.
  2726 | Temple   | Entered the Ecumenical Temple
  2867 | Temple   | Became a worshipper of the Wu Jian Council
  4212 | D:2      | Reached * piety under Wu Jian
  5818 | D:5      | Found a stormy altar of Qazlal.
  5834 | D:5      | Reached skill level 9 in Stealth
  5917 | D:5      | Found a transporter.
  5929 | D:5      | Found a transporter.
  5931 | D:5      | Noticed DrKenneth's ghost (novice MiFi)
  6021 | D:5      | Found a shimmering blue altar of Sif Muna.
  6174 | D:5      | Reached XP level 9. HP: 44/48 MP: 9/9
  6211 | D:5      | Noticed Prince Ribbit
  6261 | D:5      | Reached skill level 10 in Short Blades
  6287 | D:5      | Killed Prince Ribbit
  6427 | D:5      | Reached ** piety under Wu Jian
  6606 | D:6      | Got the Directory of Flashy Transfiguration
  6715 | D:6      | Noticed Blork the orc
  6718 | D:6      | Killed Blork the orc
  6719 | D:6      | Reached skill level 10 in Stealth
  6999 | D:6      | Noticed Pikel
  7035 | D:6      | Killed Pikel
  7100 | D:6      | Reached skill level 5 in Translocations
  7479 | D:7      | Found an opulent altar of Gozag.
  7546 | D:7      | Reached XP level 10. HP: 53/53 MP: 10/10
  8662 | D:8      | Noticed Gastronok
  8784 | D:9      | Reached skill level 11 in Stealth
  8804 | D:9      | Learned a level 3 spell: Teleport Other
  9060 | D:9      | Found a blossoming altar of Fedhas.
  9269 | D:9      | Identified the +4 pair of gloves of the Bruised Priests
                  | {rPois Int+4 Dex+2}
  9458 | D:9      | HP: 1/53 [wyvern (13)]
 10107 | D:10     | Entered Level 10 of the Dungeon
 10172 | D:10     | Noticed Amaemon
 10172 | D:10     | Noticed an orange demon
 10249 | D:9      | Found a hazy altar of Hepliaklqana.
 10603 | D:10     | Found a radiant altar of Vehumet.
 11084 | D:9      | Reached skill level 12 in Stealth
 11168 | D:10     | Noticed an orange demon
 11182 | D:10     | Noticed an orange demon
 11187 | D:10     | Found the ring of Shadows {Umbra +Inv Stlth+}
 11205 | D:10     | Noticed an orange demon
 11788 | D:10     | Found a sacrificial altar of Ru.
 11882 | D:11     | Noticed a gargoyle
 11885 | D:11     | Killed a gargoyle
 11891 | D:11     | Learned a level 3 spell: Gell's Gravitas
 11920 | D:11     | Reached XP level 11. HP: 57/57 MP: 11/11
 11998 | D:11     | Noticed a cyclops
 12055 | D:11     | Noticed a cyclops
 12058 | D:11     | Killed a cyclops
 12077 | D:11     | Noticed a boulder beetle
 12082 | D:11     | Killed a boulder beetle
 12091 | D:11     | Noticed an oklob plant
 12144 | D:11     | Identified the +7 ring mail "Poezitek" {Dex+4 Stlth+}
 12587 | D:11     | Reached skill level 10 in Dodging
 12728 | D:11     | Reached skill level 13 in Stealth
 13078 | D:11     | Reached *** piety under Wu Jian
 13088 | D:11     | Found a staircase to the Orcish Mines.
 13100 | Orc:1    | Entered Level 1 of the Orcish Mines
 13135 | Orc:1    | Noticed an orc sorcerer
 13166 | D:11     | Paralysed by an orc sorcerer for 3 turns
 13179 | D:11     | Killed an orc sorcerer
 13307 | D:11     | Upgraded the game from 0.30-a0-840-ga523dec638 to
                  | 0.30-a0-845-g7c6808c8ce
 13456 | D:11     | Noticed a two-headed ogre
 13459 | D:11     | Killed a cyclops
 13644 | D:11     | Killed a two-headed ogre
 13762 | D:12     | Reached skill level 10 in Translocations
 14054 | D:8      | Found a burning altar of Makhleb.
 14547 | D:8      | Killed Gastronok
 14548 | D:8      | Reached skill level 14 in Stealth
 14548 | D:8      | Reached XP level 12. HP: 10/62 MP: 12/12
 14669 | D:11     | Found a staircase to the Lair.
 15065 | Orc:1    | Reached skill level 5 in Throwing
 15298 | Orc:2    | Entered Level 2 of the Orcish Mines
 15304 | Orc:2    | Reached **** piety under Wu Jian
 15355 | Orc:2    | Found Nelus's Assorted Antiques.
 15561 | Orc:2    | Found a staircase to the Elven Halls.
 15659 | Orc:2    | Reached skill level 1 in Evocations
 16043 | Orc:2    | Noticed a two-headed ogre
 16051 | Orc:2    | Killed a two-headed ogre
 16089 | Orc:2    | Found Cifos's Jewellery Shoppe.
 16226 | Orc:2    | Reached ***** piety under Wu Jian
 16479 | Orc:2    | Found Ycaineeka's Book Shop.
 17535 | Orc:2    | Reached skill level 15 in Stealth
 17571 | Orc:2    | Bought an amulet of reflection for 330 gold pieces
 17611 | Orc:2    | Reached skill level 5 in Evocations
 17788 | Orc:2    | Found Ynyan's Jewellery Shoppe.
 17798 | Orc:2    | Found Tuhism's Armour Shop.
 18006 | Orc:2    | Reached XP level 13. HP: 16/66 MP: 13/13
 18049 | Orc:2    | HP: 2/66 [orc knight/+2 great mace of holy wrath (27)]
 18051 | Orc:2    | Demolished by an orc knight

Illustrated notes

Levels and vault maps discovered:
D:1:      dpeg_arrival_rhombi, layout_basic
D:2:      layout_loops_ring, kennysheep_generic_room_13, uniq_sigmund
D:3:      layout_loops_ring, jmf_multi_god_temple2,
          shapermc_ecumenical_altar_venn
D:4:      layout_basic, temple_pool_b, minivault_5, minivault_11
D:5:      layout_basic, marbit_many_paths, nicolae_qazlal_scattered_showers,
          gammafunk_ghost_stat_death, chequers_serial_rivers_small_3,
          corexii_item_surrounded_by_moat, minivault_24, uniq_prince_ribbit1
D:6:      layout_loops_corners, mainiacjoe_overflow_small_starburst,
          zin_statuary, portal_sewer_entry_c, uniq_pikel, uniq_blork_the_orc
D:7:      layout_basic, nicolae_gozag_cash_rules_everything_around_me,
          supply_closet_lemuel
D:8:      layout_gridville, makhleb_grotto_becter, minmay_lindwurm_lava,
          uniq_gastronok
D:9:      layout_loops_ring, mainiacjoe_overflow_concentric_impassable,
          kennysheep_mini_moat
D:10:     layout_loops_cross, trog_hazing_becter, grunt_dithmenos_shadows,
          nicolae_overflow_hidden_temple, nicolae_vehumet_altar_sigil,
          minivault_19, minmay_beelzebubs_servants, uniq_amaemon
D:11:     layout_cave_pools, dpeg_oklobed_lair, david_orc_4
D:12:     layout_basic, einodemon_barbed_minivault, uniq_azrael, uniq_psyche
Temple:   hellmonk_temple_beads
Orc:1:    layout_caves, basic_altar
Orc:2:    st_orc_town, layout_diamond_mine, serial_shops, shop,
          nicolae_orc_lava_tube

Skill      XL: |  1  2  3  4  5  6  7  8  9 10 11 12 |
---------------+-------------------------------------+-----
Short Blades   | 3 5 6 8 9 10 | 10.0
Dodging        | 2 3 4 6 7 9 11 12 | 12.1
Stealth        | 6 7 9 10 12 14 15 | 15.1
Translocations | 5 8 10 | 10.3
Throwing       | 4 7 |  7.1
Evocations     | 5 |  5.7
Fighting       | |  2.1

Action                     |  1- 3 |  4- 6 |  7- 9 | 10-12 | 13-15 || total
---------------------------+-------+-------+-------+-------+-------++-------
  Melee: Dagger            |    26 |    40 |   515 |  1696 |     7 ||  2284
         Punch             |     1 |       |     4 |    22 |       ||    27
  Throw: Stone             |       |       |     2 |       |       ||     2
         Dart              |       |       |     2 |    15 |     1 ||    18
         Throwing net      |       |       |       |     6 |       ||     6
   Cast: Teleport Other    |       |       |       |     9 |     4 ||    13
Ability: Lunge             |       |       |    50 |   100 |     1 ||   151
         Whirlwind         |       |       |       |   156 |       ||   156
         Wall Jump         |       |       |       |     1 |       ||     1
  Evoke: Wand              |       |       |     1 |     4 |       ||     5
    Use: Potion            |       |       |     1 |     8 |       ||     9
         Scroll            |       |       |     6 |     5 |       ||    11
   Stab: Sleeping          |     8 |    12 |    72 |    48 |       ||   140
         Distracted        |       |     1 |     2 |    18 |       ||    21
         Held in net/web   |       |       |       |     6 |       ||     6
 Armour: Robe              |     2 |     3 |    75 |   136 |       ||   216
  Dodge: Dodged            |     6 |    17 |   331 |  1006 |     3 ||  1363
  Block: Other             |       |       |       |    10 |       ||    10

Table legend: (Time is in decaauts)
 A = Elapsed time spent in this place.
 B = Non-inter-level travel time spent in this place.
 C = Inter-level travel time spent in this place.
 D = Time resting spent in this place.
 E = Time spent auto-exploring this place.
 F = Levels seen in this place.
 G = Mean time per level.
                   A        B        C        D        E       F      G
               +--------+--------+--------+--------+--------+-----+--------+
         Total |  17325 |  15823 |   1502 |   2281 |    544 |  16 | 1082.8 |
       Dungeon |  13477 |  12096 |   1381 |   1513 |    453 |  12 | 1123.1 |
        Temple |    174 |    101 |     73 |      0 |     91 |   1 |  174.0 |
  Orcish Mines |   2870 |   2822 |     48 |    603 |      0 |   2 | 1435.0 |
         Sewer |    801 |    801 |      0 |    164 |      0 |   1 |  801.0 |
               +--------+--------+--------+--------+--------+-----+--------+

Top non-repeatable levels by time:
   Orc:2: 2250 daAuts
     D:9: 2162 daAuts
    D:11: 1973 daAuts
     D:7: 1254 daAuts
     D:4: 1221 daAuts
     D:6: 1151 daAuts
     D:1: 1000 daAuts
     D:3: 964 daAuts
     D:5: 954 daAuts
     D:2: 904 daAuts
     D:8: 883 daAuts
   Sewer: 801 daAuts
    D:10: 770 daAuts
   Orc:1: 620 daAuts
    D:12: 237 daAuts
